 Dungeon Crawl Stone Soup version 0.17.0-56-gd8de76c (webtiles) character file.

625 rutigerpupkin the Firebug (level 7, -1/36 HPs)
             Began as a Gargoyle Fire Elementalist on Dec 5, 2015.
             Slain by a centaur (2 damage)
             ... on level 5 of the Dungeon.
             The game lasted 00:13:43 (4792 turns).

rutigerpupkin the Firebug (GrFE)                    Turns: 4792, Time: 00:13:43

Health: -1/36      AC:  8    Str: 11    XL:     7   Next: 47%
Magic:  10/14      EV: 12    Int: 23    God:
Gold:   260        SH:  0    Dex: 10    Spells: 3 memorised, 8 levels left

rFire  . . .     SeeInvis .     r - +1 short sword (venom)
rCold  . . .     Clarity  .     a - +0 robe
rNeg   + . .     SustAt   .     (no shield)
rPois  ∞         Gourm    .     (no helmet)
rElec  +         Spirit   .     (no cloak)
rCorr  .         Warding  .     (no gloves)
rMut   .         Stasis   .     A - +1 pair of boots
MR     .....                    (no amulet)
Stlth  ++........               (no ring)
                                q - ring of wizardry

@: brilliant, not resistant to hostile enchantments, unstealthy
A: negative energy resistance 1, electricity resistance, unbreathing,
petrification resistance, rot immunity, AC +4
a: no special abilities


You were on level 5 of the Dungeon.
You were not hungry.

You visited 1 branch of the dungeon, and saw 5 of its levels.

You collected 260 gold pieces.

Inventory:

Hand Weapons
 r - a +1 short sword of venom (weapon)
Missiles
 u - 5 tomahawks (quivered)
 y - 17 poisoned needles
Armour
 a - a +0 robe (worn)
 p - a +0 large shield
 A - a +1 pair of boots (worn)
Jewellery
 f - an uncursed ring of ice
 q - a ring of wizardry (left hand)
Scrolls
 e - a scroll of blinking {unknown}
 g - 2 scrolls of random uselessness {unknown}
 h - a scroll of enchant weapon {unknown}
 l - 4 scrolls of identify {unknown}
 o - 2 scrolls of noise {unknown}
 s - 2 scrolls of fear {unknown}
 v - a scroll of fog {unknown}
 w - 2 scrolls of remove curse {unknown}
Potions
 d - a potion of lignification {unknown}
 i - a potion of resistance {unknown}
 j - 3 potions of curing {unknown}
 m - 2 potions of invisibility {unknown}
 n - 2 potions of brilliance
 x - a potion of flight {unknown}
 z - a potion of cancellation {unknown}
 B - a potion of heal wounds {unknown}
Books
 b - a book of Flames

   Spells                             Type                      Level
   a - Flame Tongue                   Conjuration/Fire             1
   b - Throw Flame                    Conjuration/Fire             2
   c - Conjure Flame                  Conjuration/Fire             3
   d - Inner Flame                    Hexes/Fire                   3
   e - Sticky Flame                   Conjuration/Fire             4
   f - Fireball                       Conjuration/Fire             5
Comestibles
 c - 3 bread rations
 k - 4 fruits
 t - 4 chunks of flesh
 C - a beef jerky


   Skills:
 - Level 1.5 Dodging
 - Level 2.1 Stealth
 + Level 5.0 Spellcasting
 + Level 4.5 Conjurations
 * Level 5.2 Fire Magic


You had 8 spell levels left.
You knew the following spells:

 Your Spells              Type           Power        Failure   Level  Hunger
a - Flame Tongue          Conj/Fire      #####        1%          1    None
b - Conjure Flame         Conj/Fire      #####...     1%          3    ##.....
g - Sticky Flame          Conj/Fire      #####...     1%          4    ####...


Dungeon Overview and Level Annotations

Branches:
Dungeon (5/15)
 Temple: D:4-7

Altars:
Elyvilon

Shops:
D:4 :


Innate Abilities, Weirdness & Mutations

You are resistant to torment.
Your stone body is resilient (AC +4).
You are immune to poison.
You resist negative energy.
You are resistant to electric shocks.
You can survive without breathing.
You are immune to petrification.
You are immune to rotting.


Message History

* * * LOW HITPOINT WARNING * * *
The arrow of flame burns you.
* * * LOW HITPOINT WARNING * * *
You see here an arrow of flame.
Drink which item? (? for menu, Esc to quit)
It was a potion of brilliance.
You feel clever all of a sudden.
The centaur unwields an uncursed shortbow.
The centaur hits you.
* * * LOW HITPOINT WARNING * * *
Casting: Sticky Flame
Confirm with . or Enter, or press ? or * to list all spells.
Aiming: Sticky Flame
Press: ? - help, Shift-Dir - straight line, f - centaur
Aim: a centaur The sticky flame hits the centaur.
The centaur is heavily wounded.
The centaur is covered in liquid flames!
The centaur burns!
The centaur hits you.
You die...

....# # ...# #.
..# #..####.##
........##
........##
...####.....###.#
#.....c.((<(....#
#.##.#@..........
#.........###.#!#
####.###..# # #.
##.# # #.# #.#
#..


You could see a centaur (burning).

Vanquished Creatures
  A sky beast (D:4)
  2 ogres (D:4)
  2 orc priests (D:4)
  3 orc wizards
  Jessica (D:3)
  2 worker ants (D:4)
  7 adders
  3 oozes
  An adder skeleton (D:4)
  A worm (D:2)
  10 orcs
  10 bats
  3 giant cockroaches
  4 goblins
  12 hobgoblins
  3 jackals (D:4)
  8 kobolds
  3 quokkas
  2 giant geckos (D:4)
  A giant gecko skeleton (D:4)
  3 giant newts
  11 rats
93 creatures vanquished.

Vanquished Creatures (others)
  A worm (D:3)
  A quokka (D:3)
  A kobold (D:3)
3 creatures vanquished.

Grand Total: 96 creatures vanquished

Notes
Turn   | Place    | Note
--------------------------------------------------------------
     0 | D:1      | rutigerpupkin the Gargoyle Fire Elementalist began the quest for the Orb.
     0 | D:1      | Reached XP level 1. HP: 10/10 MP: 3/3
   339 | D:1      | Reached XP level 2. HP: 15/15 MP: 0/5
  1173 | D:2      | Reached XP level 3. HP: 5/19 MP: 0/6
  1648 | D:2      | Reached XP level 4. HP: 22/24 MP: 4/8
  1696 | D:2      | Learned a level 3 spell: Conjure Flame
  2774 | D:3      | Reached XP level 5. HP: 28/28 MP: 10/10
  2857 | D:3      | Found a white marble altar of Elyvilon.
  2902 | D:3      | Noticed Jessica
  2908 | D:3      | Killed Jessica
  3304 | D:3      | Reached skill level 4 in Fire Magic
  3357 | D:3      | Learned a level 4 spell: Sticky Flame
  3518 | D:4      | Reached XP level 6. HP: 32/32 MP: 4/11
  3596 | D:4      | Found Ytzegesu's Book Emporium.
  3666 | D:4      | Noticed an ogre
  3675 | D:4      | Killed an ogre
  4041 | D:4      | Reached XP level 7. HP: 10/36 MP: 9/14
  4666 | D:4      | Reached skill level 5 in Fire Magic
  4736 | D:5      | Entered Level 5 of the Dungeon
  4747 | D:4      | Reached skill level 5 in Spellcasting
  4789 | D:5      | HP: 1/36 [centaur/arrow of flame (1)]
  4792 | D:5      | Slain by a centaur

Action                   |  1- 3 |  4- 6 |  7- 9 || total
-------------------------+-------+-------+-------++-------
Melee: Club              |    30 |     1 |       ||    31
       Short sword       |       |    70 |    18 ||    88
 Cast: Flame Tongue      |    53 |    52 |     8 ||   113
       Conjure Flame     |       |     2 |     2 ||     4
       Sticky Flame      |       |     6 |     5 ||    11
  Use: Potion            |       |       |     1 ||     1
 Stab: Sleeping          |     1 |     3 |     1 ||     5
  Eat: Chunk             |     3 |     9 |     3 ||    15
